 Dungeon Crawl Stone Soup version 0.31.0-10-gcf4a605ca0 (webtiles) character file.

Game seed: 6127349293020205285

366 Sabo the Ducker (level 6, 0/53 HPs)
             Began as a Gnoll Monk on Jan 22, 2024.
             Slain by an orc priest
             ... wielding a +0 hand axe
              (1 damage)
             ... on level 4 of the Dungeon on Jan 26, 2024.
             The game lasted 00:16:49 (3249 turns).

Sabo the Ducker (Gnoll Monk)                        Turns: 3249, Time: 00:16:49

Health: 0/53       AC:  7    Str: 13    XL:     6   Next: 68%
Magic:  9/9        EV: 11    Int:  9    God:
Gold:   144        SH:  0    Dex: 14    Spells: 9/9 levels left

rFire   . . .        l - +3 dagger (speed)
rCold   . . .        d - orb {light}
rNeg    . . .        r - +0 scale mail
rPois   .            p - +0 helmet
rElec   .            (no cloak)
rCorr   .            (no gloves)
SInv    .            (no boots)
Will    .....        (no amulet)
Stlth   +            (no ring)
HPRegen 0.28/turn    (no ring)
MPRegen 0.11/turn

%: no passive effects
@: glowing
A: fangs 1, strong nose, distributed training
a: no special abilities


You were on level 4 of the Dungeon.
You visited 1 branch of the dungeon, and saw 4 of its levels.

You collected 144 gold pieces.

Inventory:

Hand Weapons
 a - a +0 hand axe
 b - a +0 sling
 l - a +3 dagger of speed (weapon)
Missiles
 n - 4 poisoned darts (quivered)
Armour
 d - an orb of light (worn)
 p - a +0 helmet (worn)
 r - a +0 scale mail (worn)
Scrolls
 e - a scroll of poison
 j - a scroll of teleportation
 q - a scroll of fear {unknown}
Potions
 f - a potion of invisibility
 g - a potion of magic {unknown}
 i - 2 potions of mutation {unknown}
 k - a potion of cancellation {unknown}
 m - 2 potions of might
 o - a potion of berserk rage {unknown}


   Skills:
 + Level 6.9 Fighting
 + Level 2.1 Short Blades
 + Level 2.1 Long Blades
 + Level 6.9 Axes
 + Level 2.1 Maces & Flails
 + Level 2.1 Polearms
 + Level 2.1 Staves
 + Level 2.1 Ranged Weapons
 + Level 2.1 Throwing
 + Level 2.1 Armour
 + Level 6.9 Dodging
 + Level 2.1 Stealth
 + Level 2.1 Shields
 + Level 2.1 Unarmed Combat
 + Level 2.1 Spellcasting
 + Level 1.7 Conjurations
 + Level 1.7 Hexes
 + Level 1.7 Summonings
 + Level 1.7 Necromancy
 + Level 1.7 Translocations
 + Level 1.7 Fire Magic
 + Level 1.7 Ice Magic
 + Level 1.7 Air Magic
 + Level 1.7 Earth Magic
 + Level 1.7 Alchemy
 + Level 2.4 Invocations
 + Level 2.1 Evocations
 + Level 2.0 Shapeshifting


You had 9 spell levels left.
You didn't know any spells.
Your spell library contained the following spells:

 Spells                   Type           Power      Damage    Failure   Level
 Fugue of the Fallen      Necr           4%         N/A       92%         3
 Ozocubu's Armour         Ice            4%         N/A       92%         3
 Manifold Assault         Tloc           4%         N/A       100%        4


Dungeon Overview and Level Annotations

Branches:
Dungeon (4/15)
 Temple: D:4-7

Altars:
Fedhas


Innate Abilities, Weirdness & Mutations

You have very sharp teeth.
Your uncanny sense of smell can sniff out nearby items.
Your experience applies equally to all skills.


Message History

You hit the ogre.
You kill the ogre!
An orc priest comes into view. It is wielding a +0 hand axe.
The orc priest shouts!
You see here a +0 giant spiked club.
You hit the hobgoblin.
The hobgoblin is severely wounded.
The hobgoblin barely misses you.
You hit the hobgoblin.
You kill the hobgoblin!
Your Shapeshifting skill increases to level 2!
You see here a +0 giant spiked club.
The orc priest mumbles some strange prayers to Beogh against you.
Pain shoots through your body!
* * * LOW HITPOINT WARNING * * *
The orc priest mumbles some strange prayers to Beogh against you.
You barely resist.
The orc priest hits you with a +0 hand axe.
* * * LOW HITPOINT WARNING * * *
You barely miss the orc priest. You hit the orc priest.
The orc priest is lightly wounded.
The orc priest misses you.
You barely miss the orc priest.
The orc priest is lightly wounded.
You hit the orc priest.
The orc priest is moderately wounded.
The orc priest closely misses you.
You hit the orc priest.
The orc priest is heavily wounded.
The orc priest hits you with a +0 hand axe.
* * * LOW HITPOINT WARNING * * *
You hit the orc priest.
The orc priest is almost dead.
An orc wizard comes into view. It is wielding a +0 dagger.
You barely miss the orc priest.
The orc priest is almost dead.
The orc wizard shouts!
The orc priest hits you with a +0 hand axe.
You die...

#...........#
#.........o.##
#............#
...........
.......
######...###
#..........#
#......o...#
#.....!@...#
#..........# .
#..........# ...
#.......#####....
#......†.........
#...............$
#.......<........
#...............#
#...#############


You could see an orc priest and an orc wizard.

Vanquished Creatures
  An ogre (D:4)
  A bombardier beetle (D:3)
  Jessica (D:2)
  Natasha (thrice) (D:3)
  Robin (D:2)
  3 adders
  A dart slug (D:2)
  5 ribbon worms
  An orc (D:3)
  7 ball pythons
  A bat zombie (D:2)
  9 endoplasms
  3 giant cockroaches
  10 hobgoblins
  2 jackals (D:2)
  4 quokkas
  11 bats
  2 frilled lizards
  14 goblins
  5 kobolds
  2 quokka zombies (D:2)
  8 rats
95 creatures vanquished.

Notes
Turn   | Place    | Note
-------+----------+-------------------------------------------
     0 | D:1      | Sabo the Gnoll Monk began the quest for the Orb.
     0 | D:1      | Reached XP level 1. HP: 23/23 MP: 1/1
   153 | D:1      | Reached XP level 2. HP: 20/29 MP: 2/2
   740 | D:2      | Reached XP level 3. HP: 19/35 MP: 3/3
   983 | D:2      | Reached skill level 1 in Invocations
  1324 | D:2      | Reached skill level 1 in Short Blades
  1324 | D:2      | Reached skill level 1 in Long Blades
  1324 | D:2      | Reached skill level 1 in Maces & Flails
  1324 | D:2      | Reached skill level 1 in Polearms
  1324 | D:2      | Reached skill level 1 in Staves
  1324 | D:2      | Reached skill level 1 in Ranged Weapons
  1324 | D:2      | Reached skill level 1 in Throwing
  1324 | D:2      | Reached skill level 1 in Armour
  1324 | D:2      | Reached skill level 1 in Stealth
  1324 | D:2      | Reached skill level 1 in Shields
  1324 | D:2      | Reached skill level 1 in Unarmed Combat
  1324 | D:2      | Reached skill level 1 in Spellcasting
  1324 | D:2      | Reached skill level 1 in Evocations
  1486 | D:2      | Noticed Jessica
  1500 | D:2      | Killed Jessica
  1501 | D:2      | Reached skill level 1 in Shapeshifting
  1501 | D:2      | Reached XP level 4. HP: 21/41 MP: 5/5
  1715 | D:2      | Noticed Robin
  1717 | D:2      | Reached skill level 1 in Conjurations
  1717 | D:2      | Reached skill level 1 in Hexes
  1717 | D:2      | Reached skill level 1 in Summonings
  1717 | D:2      | Reached skill level 1 in Necromancy
  1717 | D:2      | Reached skill level 1 in Translocations
  1717 | D:2      | Reached skill level 1 in Fire Magic
  1717 | D:2      | Reached skill level 1 in Ice Magic
  1717 | D:2      | Reached skill level 1 in Air Magic
  1717 | D:2      | Reached skill level 1 in Earth Magic
  1717 | D:2      | Reached skill level 1 in Alchemy
  1754 | D:2      | Killed Robin
  1899 | D:2      | Upgraded the game from 0.31.0-4-g52a2dc7128 to
                  | 0.31.0-10-gcf4a605ca0
  2146 | D:3      | Reached XP level 5. HP: 47/47 MP: 5/7
  2263 | D:3      | Noticed Natasha
  2277 | D:3      | Killed Natasha
  2289 | D:3      | Noticed Natasha
  2305 | D:3      | Killed Natasha
  2679 | D:3      | Reached XP level 6. HP: 53/53 MP: 8/8
  2785 | D:3      | Noticed Natasha
  2801 | D:3      | Killed Natasha
  3050 | D:3      | Found a blossoming altar of Fedhas.
  3247 | D:4      | HP: 1/53 [orc priest/+0 hand axe (5)]
  3249 | D:4      | Slain by an orc priest

Illustrated notes

Levels and vault maps discovered:
D:1:      wheals_arrival_shading, layout_basic, minmay_tromino_i2
D:2:      layout_basic, serial_undead, serial_undead_f, serial_undead_c,
          serial_undead_e, serial_undead_a, feat_on_display, uniq_jessica,
          uniq_robin
D:3:      layout_rooms, mainiacjoe_overflow_brackets, serial_rivers,
          chequers_serial_rivers_large_a, chequers_serial_rivers_micro_e,
          chequers_serial_rivers_micro_a, chequers_serial_rivers_large_b,
          chequers_serial_rivers_micro_c, chequers_serial_rivers_small_a,
          minmay_vboxes, uniq_natasha
D:4:      cheibrodos_greedy_goblins, layout_basic, nicolae_goblin_pals

Skill      XL: |  1  2  3  4  5  6 |
---------------+-------------------+-----
Invocations    | 1 2 |  2.4
Short Blades   | 1 2 |  2.1
Long Blades    | 1 2 |  2.1
Maces & Flails | 1 2 |  2.1
Polearms       | 1 2 |  2.1
Staves         | 1 2 |  2.1
Ranged Weapons | 1 2 |  2.1
Throwing       | 1 2 |  2.1
Armour         | 1 2 |  2.1
Stealth        | 1 2 |  2.1
Shields        | 1 2 |  2.1
Unarmed Combat | 1 2 |  2.1
Spellcasting   | 1 2 |  2.1
Evocations     | 1 2 |  2.1
Shapeshifting  | 1 2 |  2.0
Conjurations   | 1 |  1.7
Hexes          | 1 |  1.7
Summonings     | 1 |  1.7
Necromancy     | 1 |  1.7
Translocations | 1 |  1.7
Fire Magic     | 1 |  1.7
Ice Magic      | 1 |  1.7
Air Magic      | 1 |  1.7
Earth Magic    | 1 |  1.7
Alchemy        | 1 |  1.7
Fighting       | |  6.9
Axes           | |  6.9
Dodging        | |  6.9

Action                     |  1- 3 |  4- 6 || total
---------------------------+-------+-------++-------
  Melee: Hand axe          |   103 |       ||   103
         Bite              |    16 |    27 ||    43
         Dagger            |    13 |   206 ||   219
    Use: Scroll            |     3 |     2 ||     5
         Potion            |       |     1 ||     1
 Armour: Robe              |    48 |    20 ||    68
         Animal skin       |       |    39 ||    39
         Scale mail        |       |    14 ||    14
  Dodge: Dodged            |    78 |   105 ||   183
